 Dungeon Crawl Stone Soup version 0.15-a0-1345-gc375f20 (webtiles) character file.

82042 Quh the Conjurer (level 15, 0/108 HPs)
             Began as a Demonspawn Wizard on June 7, 2014.
             Was the Champion of Vehumet.
             Hit by a large rock thrown by a cyclops (23 damage)
             ... on Level 4 of the Orcish Mines on June 8, 2014.
             The game lasted 03:50:09 (31173 turns).

Quh the Conjurer (Demonspawn Wizard)               Turns: 31173, Time: 03:50:09

HP   0/108       AC 21     Str 11      XL: 15   Next: 28%
MP   0/34        EV  9     Int 24      God: Vehumet [******]
Gold 2358        SH  0     Dex 11      Spells: 11 memorised,  7 levels left

rFire  + + +     SeeInvis +     e - +5,+6 quarterstaff "Twavelav" {flame, SInv}
rCold  x x .     Clarity  .     B - +0 fire dragon armour
rNeg   . . .     rCorr    .     (no shield)
rPois  .         rRot     .     (helmet unavailable)
rElec  .         Spirit   +     a - +2 cloak {+Inv}
SustAb .         Warding  .     G - +2 pair of gloves {Str+3}
rMut   .         Stasis   .     (no boots)
Gourm  .                        Q - cursed amulet of faith
MR     +....                    I - +2 ring of evasion
                                x - ring of fire

@: very slightly contaminated, delayed fireball, somewhat resistant to hostile
enchantments, unstealthy
A: antennae 3, rough black scales 2, demonic guardian 2, magic shield, magic
regeneration, magic link
a: Renounce Religion, Release Delayed Fireball, Evoke Invisibility


You were on level 4 of the Orcish Mines.
You worshipped Vehumet.
Vehumet was exalted by your worship.
You were very hungry.

You visited 4 branches of the dungeon, and saw 26 of its levels.
You also visited: Volcano.

You collected 2466 gold pieces.
You spent 108 gold pieces at shops.

Inventory:

Hand weapons
 e - the +5,+6 quarterstaff "Twavelav" (weapon) {flame, SInv}
   (You found it on level 5 of the Dungeon)

   It emits flame when wielded, causing extra injury to most foes and up to
   double damage against particularly susceptible opponents.
   It enhances your eyesight.
 M - a +1,+1 spear of flaming
Armour
 a - a +2 cloak of darkness (worn)
 k - a +0 mottled dragon armour
 B - a +0 fire dragon armour (worn)
 G - a +2 pair of gloves of strength (worn)
 Y - a +2 robe of cold resistance
Magical devices
 b - a wand of disintegration (7)
 w - a wand of slowing (1)
 A - a wand of disintegration (13)
 D - a wand of polymorph (6)
 F - a wand of fireball (0)
 H - a wand of fire (6)
 J - a wand of paralysis (12)
 R - a wand of paralysis (7)
 W - a wand of frost (10)
Comestibles
 d - 15 bread rations
 K - 18 fruits
 L - a slice of pizza
 X - a royal jelly
Scrolls
 g - 8 scrolls of remove curse
 l - 5 scrolls of fog
 n - a scroll of blinking
 v - 5 scrolls of enchant weapon I
 y - 2 scrolls of identify
 C - 4 scrolls of recharging
 N - 3 scrolls of enchant weapon II
 P - 2 scrolls of fear
Jewellery
 f - a +1 ring of evasion
 o - an uncursed ring of sustain abilities
 x - a ring of fire (left hand)
 I - a +2 ring of evasion (right hand)
 O - an uncursed ring of protection from fire
 Q - a cursed amulet of faith (around neck)
 V - an uncursed ring of regeneration
Potions
 h - 2 potions of agility
 i - a potion of berserk rage
 j - 2 potions of heal wounds
 m - 3 potions of flight
 p - 11 potions of curing
 q - 3 potions of resistance
 r - 3 potions of invisibility
 u - 7 potions of haste
 z - 3 potions of brilliance
 E - a potion of cure mutation
 U - 2 potions of might
Books
 c - a book of Minor Magic

   Spells                             Type                      Level
   *Magic Dart                        Conjuration                  1
   *Blink                             Translocation                2
   *Call Imp                          Summoning                    2
   *Repel Missiles                    Charms/Air                   2
   Slow                               Hexes                        2
   Conjure Flame                      Conjuration/Fire             3
   *Mephitic Cloud                    Conjuration/Poison/Air       3
 s - a book of Air

   Spells                             Type                      Level
   Shock                              Conjuration/Air              1
   Swiftness                          Charms/Air                   2
   *Repel Missiles                    Charms/Air                   2
   Flight                             Charms/Air                   3
   Static Discharge                   Conjuration/Air              3
   Lightning Bolt                     Conjuration/Air              5
 Z - a book of Alchemy

   Spells                             Type                      Level
   Sublimation of Blood               Necromancy                   2
   Alistair's Intoxication            Transmutation/Poison         4
   Condensation Shield                Ice                          4
   Petrify                            Transmutation/Earth          4
   *Ignite Poison                     Fire/Transmutation           5
Miscellaneous
 S - a crystal ball of energy
Rods
 t - a +1 rod of clouds (11/11)
   (You found it on level 10 of the Dungeon)


   Skills:
 + Level 7.5 Fighting
 * Level 3.0 Staves
 - Level 1.0 Armour
 * Level 6.0 Dodging
 + Level 6.5 Stealth
   Level 2.1 Shields
 + Level 11.7 Spellcasting
 - Level 13.3 Conjurations
 * Level 6.2 Charms
 - Level 2.3 Summonings
 - Level 3.0 Translocations
 - Level 1.9 Transmutations
 - Level 10.4 Fire Magic
 - Level 1.6 Air Magic
 - Level 2.5 Evocations


You had 7 spell levels left.
You knew the following spells:

 Your Spells              Type           Power        Failure   Level  Hunger
a - Magic Dart            Conj           ####         1%          1    None
b - Blink                 Tloc           N/A          17%         2    None
c - Call Imp              Summ           ####....     24%         2    None
d - Repel Missiles        Chrm/Air       ####..       14%         2    None
e - Mephitic Cloud        Conj/Pois/Air  #####...     4%          3    None
f - Delayed Fireball      Conj/Fire      N/A          83%         7    ######.
g - Flame Tongue          Conj/Fire      #####        1%          1    None
h - Ignite Poison         Fire/Trmt      ######....   36%         5    ###....
i - Inner Flame           Hex/Fire       ######..     4%          3    None
j - Sticky Flame          Conj/Fire      #######.     1%          4    None
k - Fireball              Conj/Fire      #######...   3%          5    ###....


Dungeon Overview and Level Annotations

Branches:
Dungeon (13/15)            Temple (1/1) D:4             Orc (4/4) D:12
    Elf (0/3) Orc:3          Lair (8/8) D:10          Swamp (0/5) Lair:5
 Spider (0/5) Lair:6        Slime (0/6) Lair:6
 Vaults: D:13-14

Altars:
Ashenzari
Cheibriados
Dithmenos
Elyvilon
Fedhas
Gozag
Kikubaaqudgha
Makhleb
Nemelex Xobeh
Okawaru
Qazlal
Sif Muna
Trog
Vehumet
Xom
Yredelemnul
Zin
The Shining One
Jiyva

Shops:
D:5 [   Orc:2 =   Orc:4 [


Innate Abilities, Weirdness & Mutations

You have a pair of large antennae on your head (SInv).
You are mostly covered in rough black scales (AC +7, Dex -2).
A demonic guardian rushes to your aid.
When hurt, damage is shared between your health and your magic reserves.
You regenerate magic rapidly.
When low on magic, you restore magic in place of health.


Message History

The cyclops throws a large rock.
The large rock hits your sun demon!
The cyclops throws a large rock.
The large rock hits you!!
* * * LOW HITPOINT WARNING * * *
You see here a large rock.
Casting: Sticky Flame
Confirm with . or Enter, or press ? or * to list all spells.
Aiming: Magic Dart
Press: ? - help, Shift-Dir - straight line, f - cyclops
Aim: a cyclops (lightly wounded)
The magic dart hits the cyclops.
The cyclops is moderately wounded.
Casting: Magic Dart
Confirm with . or Enter, or press ? or * to list all spells.
You can't see any susceptible monsters within range! (Use Z to cast anyway.) Unknown command.
Casting: Magic Dart
Confirm with . or Enter, or press ? or * to list all spells.
You can't see any susceptible monsters within range! (Use Z to cast anyway.)
The cyclops throws a large rock.
The large rock hits you!!
You die...

. ##.....####
#.....###.##
##.........#
##.......## #.....###
##.#.## ###....###
##.....(..##
#......@...#
##.#..))..##
#......(.## ##
##........# ##.##
....#......)#####...#
.........)3.#.##...##
.....#..##C)........#
........#........#.##
...........#%.....##


You could see a cyclops and a friendly sun demon.

Vanquished Creatures
  Snorg (Lair:3)
  The ghost of Gekot the Cleaver, a powerful MiBe of Trog (Lair:3)
  2 hydras
  Fannar (Lair:3)
  An ogre mage (Orc:4)
  3 death yaks (Lair:8)
  A catoblepas (Lair:8)
  An orc high priest (Orc:3)
  A lindwurm (Lair:8)
  6 hill giants
  An orc sorcerer (Orc:3)
  A salamander (Volcano)
  4 cyclopes
  An elephant (Lair:8)
  11 spiny frogs
  2 feature mimics (D:12)
  2 black mambas
  A gargoyle (D:12)
  11 komodo dragons
  A fire drake (Lair:5)
  11 trolls
  9 blink frogs
  Sonja (D:10)
  7 two-headed ogres (Orc:4)
  4 wandering mushrooms (D:10)
  A boulder beetle (Lair:8)
  2 basilisks
  33 yaks
  2 deep elf magi (D:12)
  4 hippogriffs
  3 sharks
  A wyvern (D:9)
  A steam dragon (Lair:2)
  5 ugly things (D:12)
  An orc zombie (Orc:3)
  A hungry ghost (D:10)
  3 wargs
  Edmund (D:7)
  16 wolves
  11 water moccasins
  A mottled dragon (Lair:5)
  9 porcupines
  9 orc warriors
  14 ogres
  15 crocodiles
  7 phantoms
  4 black bears
  4 ice beasts
  3 sky beasts
  3 centaurs
  2 necrophages
  A boring beetle (Lair:8)
  2 big kobolds
  14 giant frogs
  A cyclops skeleton (D:12)
  4 scorpions
  5 killer bees (D:9)
  A yak zombie (D:10)
  5 wights (D:12)
  2 oklob saplings (D:10)
  2 quasits
  An electric eel (Lair:7)
  9 crimson imps
  12 hounds
  16 orc priests
  2 giant frog zombies
  3 goliath beetles
  2 jellies
  2 big fish
  8 iguanas
  21 orc wizards
  Natasha (D:3)
  22 sheep
  7 worker ants
  Ijyb (D:7)
  An ogre zombie (D:5)
  A mottled dragon skeleton (D:11)
  A mummy (D:12)
  A gnoll (D:6)
  27 green rats
  25 adders
  3 giant mites
  3 white imps
  3 worms
  An adder zombie (D:5)
  An ooze (D:1)
  110 orcs
  21 bats
  15 goblins
  8 hobgoblins
  23 jackals
  11 quokkas
  3 ball pythons
  7 giant cockroaches
  9 giant geckos
  5 giant newts
  4 giant spores
  A hobgoblin zombie (D:5)
  27 kobolds
  A kobold zombie (D:5)
  3 orc skeletons
  31 rats
  13 ballistomycetes
  3 fungi
  A plant (Lair:7)
748 creatures vanquished.

Vanquished Creatures (collateral kills)
  Rupert (Lair:3)
  3 hydras
  An ogre mage (Orc:4)
  The ghost of mehrheit the Basher, a powerful DrGl of Okawaru (D:11)
  Erica (Lair:3)
  A deep troll shaman (Lair:8)
  3 death yaks (Lair:8)
  2 deep trolls (Orc:4)
  Pikel (D:8)
  3 elephants (Lair:8)
  3 spiny frogs
  Grinder (D:4)
  A two-headed ogre (Orc:4)
  A komodo dragon (Lair:2)
  3 blink frogs (Lair:8)
  9 yaks
  An ugly thing (D:12)
  A shark (Lair:7)
  A hippogriff (Lair:8)
  9 wolves
  An ice beast (D:7)
  A water moccasin (Lair:8)
  An orc warrior (D:10)
  5 ogres
  2 giant frogs
  An eye of draining (D:9)
  An electric eel (Lair:7)
  2 crimson imps
  A centaur zombie (D:9)
  A centaur skeleton (D:4)
  A goliath beetle (D:9)
  2 iguanas
  2 jellies (D:5)
  An orc priest (D:9)
  A hound (Lair:6)
  4 orc wizards
  An ogre zombie (D:4)
  3 gnolls (D:6)
  Natasha (D:3)
  3 adders
  3 green rats
  2 worms
  13 orcs
  A bat (D:3)
  A giant cockroach (D:6)
  3 goblins
  3 hobgoblins
  5 kobolds
  A quokka (Lair:2)
  2 giant newts (D:3)
  A hobgoblin skeleton (D:4)
  4 jackals (D:4)
  5 rats
  2 fungi (Lair:8)
  A plant (Lair:7)
129 creatures vanquished.

Vanquished Creatures (others)
  4 soul eaters
  9 sun demons
  8 ice devils
  8 sixfirhies
  8 smoke demons
  7 quasits
  36 crimson imps
  3 iron imps
  An iguana (D:12)
  An adder (D:8)
  29 white imps
  11 shadow imps
  8 ufetubi
  A quokka (D:8)
  A giant spore (D:9)
  A jackal (Lair:5)
  A rat (D:8)
  3 ballistomycetes (D:9)
  3 fungi (Lair:8)
  2 plants
145 creatures vanquished.

Grand Total: 1022 creatures vanquished

Notes
Turn   | Place    | Note
--------------------------------------------------------------
     0 | D:1      | Quh, the Demonspawn Wizard, began the quest for the Orb.
     0 | D:1      | Reached XP level 1. HP: 13/13 MP: 4/4
     2 | D:1      | Noticed an iron imp
     2 | D:1      | Noticed Deconky the pandemonium lord
     2 | D:1      | Noticed an iron imp
    15 | D:1      | Noticed a hell beast
    18 | D:1      | Noticed a blue devil
    41 | D:1      | Noticed an Executioner
    43 | D:1      | Noticed an ice devil
   261 | D:1      | Gained mutation: You have a pair of small antennae on your head. [demonic ancestry]
   261 | D:1      | Reached XP level 2. HP: 19/19 MP: 0/6
   265 | D:1      | Learned a level 2 spell: Blink
   268 | D:1      | Learned a level 2 spell: Call Imp
   271 | D:1      | Learned a level 2 spell: Repel Missiles
   426 | D:1      | Reached skill level 1 in Translocations
  1124 | D:2      | Reached XP level 3. HP: 24/24 MP: 1/7
  1784 | D:2      | Found a shattered altar of Ashenzari.
  1905 | D:2      | Gained mutation: When hurt, damage is shared between your health and your magic reserves. [demonic ancestry]
  1905 | D:2      | Reached XP level 4. HP: 30/30 MP: 1/9
  2194 | D:2      | Found an iron altar of Okawaru.
  2196 | D:2      | Found a snail-covered altar of Cheibriados.
  2206 | D:2      | Found a blossoming altar of Fedhas.
  2795 | D:3      | Noticed Natasha
  2813 | D:3      | Killed Natasha
  3242 | D:3      | Noticed Natasha
  3271 | D:3      | Killed Natasha
  3322 | D:3      | Gained mutation: A weak demonic guardian rushes to your aid. [demonic ancestry]
  3322 | D:3      | Reached XP level 5. HP: 22/35 MP: 1/11
  3346 | D:3      | Learned a level 3 spell: Mephitic Cloud
  3483 | D:4      | Noticed an ogre
  3856 | D:4      | Noticed a phantom
  3906 | D:4      | Killed a phantom
  3906 | D:4      | Reached skill level 1 in Air Magic
  4410 | D:4      | Gained mutation: You are partially covered in rough black scales (AC +4, Dex -1). [demonic ancestry]
  4410 | D:4      | Reached XP level 6. HP: 25/41 MP: 4/13
  4590 | D:4      | Reached skill level 4 in Conjurations
  4720 | D:4      | Noticed an ogre
  4733 | D:4      | Killed an ogre
  5076 | D:4      | Reached skill level 5 in Conjurations
  5169 | D:4      | HP: 2/41 [quokka (1)]
  5175 | D:4      | HP: 2/41 [quokka (1)]
  5264 | D:4      | Killed an ogre
  5852 | D:4      | Noticed Grinder
  5906 | D:4      | Reached XP level 7. HP: 46/46 MP: 8/14
  5909 | D:4      | Paralysed by Grinder for 2 turns
  5914 | D:4      | Killed Grinder
  5914 | D:4      | Reached skill level 6 in Conjurations
  6117 | D:4      | Noticed an ogre
  6128 | D:4      | Killed an ogre
  6260 | D:4      | Reached skill level 7 in Conjurations
  6371 | D:4      | Found a staircase to the Ecumenical Temple.
  6381 | Temple   | Entered the Ecumenical Temple
  6482 | Temple   | Became a worshipper of Vehumet
  6593 | D:5      | Entered Level 5 of the Dungeon
  6949 | D:5      | Found Isaudoh's Antique Armour Shop.
  6970 | D:5      | Bought a glowing cloak for 108 gold pieces
  6988 | D:5      | Got a bone quarterstaff
  6989 | D:5      | Identified the +5,+6 quarterstaff "Twavelav" {flame, SInv} (You found it on level 5 of the Dungeon)
  7080 | D:5      | Reached skill level 1 in Fighting
  7154 | D:5      | Reached XP level 8. HP: 46/54 MP: 4/17
  7918 | D:6      | Learned a level 3 spell: Conjure Flame
  7926 | D:6      | Found a white marble altar of Elyvilon.
  7931 | D:6      | Acquired Vehumet's first power
  7931 | D:6      | Offered knowledge of Sting by Vehumet.
  8766 | D:6      | Found a basalt altar of Yredelemnul.
  9900 | D:7      | Reached skill level 8 in Conjurations
 10000 | D:7      | Noticed Edmund
 10018 | D:7      | Killed Edmund
 10018 | D:7      | Reached XP level 9. HP: 62/62 MP: 4/20
 10468 | D:7      | Noticed Ijyb
 10479 | D:7      | Killed Ijyb
 10597 | D:7      | Reached skill level 5 in Spellcasting
 10919 | D:8      | Noticed Pikel
 10931 | D:8      | Killed Pikel
 10931 | D:8      | Reached skill level 5 in Stealth
 11376 | D:8      | Offered knowledge of Flame Tongue by Vehumet.
 11384 | D:8      | Learned a level 1 spell: Flame Tongue
 12181 | D:9      | Upgraded the game from 0.15-a0-1309-g3520d71 to 0.15-a0-1345-gc375f20
 12258 | D:9      | Learned a level 5 spell: Ignite Poison
 12444 | D:9      | Reached skill level 1 in Fire Magic
 13130 | D:6      | Reached skill level 1 in Charms
 13545 | D:9      | Gained mutation: You regenerate magic rapidly. [demonic ancestry]
 13545 | D:9      | Reached XP level 10. HP: 57/73 MP: 12/23
 13958 | D:10     | Entered Level 10 of the Dungeon
 13976 | D:10     | Noticed Sonja
 14001 | D:10     | Killed Sonja
 14025 | D:10     | Offered knowledge of Inner Flame by Vehumet.
 14025 | D:10     | Reached skill level 9 in Conjurations
 14139 | D:10     | Found a staircase to the Lair.
 14148 | Lair:1   | Entered Level 1 of the Lair of Beasts
 14319 | Lair:1   | Acquired Vehumet's second power
 14664 | Lair:1   | Learned a level 3 spell: Inner Flame
 14835 | Lair:1   | Offered knowledge of Static Discharge by Vehumet.
 14904 | Lair:1   | Identified a scroll of acquirement
 15269 | Lair:2   | Reached skill level 5 in Fighting
 15317 | Lair:2   | Gained mutation: A demonic guardian rushes to your aid. [demonic ancestry]
 15317 | Lair:2   | Reached XP level 11. HP: 79/79 MP: 20/26
 15413 | Lair:2   | Found a shimmering altar of Xom.
 15537 | Lair:2   | Noticed a five-headed hydra
 15542 | Lair:2   | Killed a five-headed hydra
 15564 | Lair:2   | Acquired Vehumet's third power
 16187 | Lair:3   | Noticed Rupert
 16191 | Lair:3   | Paralysed by Rupert for 6 turns
 16225 | Lair:3   | Killed Rupert
 16225 | Lair:3   | Reached skill level 10 in Conjurations
 16365 | Lair:3   | Noticed Erica
 16420 | Lair:3   | Reached skill level 5 in Charms
 16657 | Lair:3   | Noticed Fannar
 16661 | Lair:3   | Noticed Gekot's ghost (powerful MiBe)
 16779 | Lair:3   | Killed Erica
 16868 | Lair:3   | Noticed a five-headed hydra
 16874 | Lair:3   | Killed a five-headed hydra
 16874 | Lair:3   | Reached skill level 5 in Fire Magic
 16949 | Lair:3   | Noticed Snorg
 16986 | Lair:3   | Killed Gekot's ghost
 16986 | Lair:3   | Offered knowledge of Sticky Flame by Vehumet.
 17025 | Lair:3   | Killed Fannar
 17060 | Lair:3   | Killed Snorg
 17313 | Lair:1   | Identified a +0 rod of shadows (12/12) (You found it on level 3 of the Lair of Beasts)
 17315 | Lair:1   | Identified a +0 rod of destruction (12/12) (You found it on level 2 of the Lair of Beasts)
 17567 | Lair:4   | Learned a level 4 spell: Sticky Flame
 17574 | Lair:4   | Got a steaming scale mail
 17588 | Lair:4   | Identified the +0 scale mail of the Depths {+Fly rF+} (You found it on level 4 of the Lair of Beasts)
 18393 | Lair:5   | Reached skill level 1 in Transmutations
 18397 | Lair:5   | Gained mutation: You are mostly covered in rough black scales (AC +7, Dex -2). [demonic ancestry]
 18397 | Lair:5   | Reached XP level 12. HP: 72/88 MP: 22/29
 18400 | Lair:5   | Reached skill level 1 in Evocations
 18449 | Lair:5   | Found a staircase to the Swamp.
 18713 | Lair:5   | Got an ancient shield
 18912 | Lair:5   | Noticed a six-headed hydra
 18919 | Lair:5   | Killed a six-headed hydra
 19260 | Lair:5   | Reached skill level 5 in Dodging
 19772 | Lair:6   | Reached skill level 1 in Armour
 19870 | Lair:6   | Offered knowledge of Delayed Fireball by Vehumet.
 20162 | Lair:6   | Learned a level 7 spell: Delayed Fireball
 20179 | Lair:6   | Found a staircase to the Slime Pits.
 20179 | Lair:6   | Found a viscous altar of Jiyva.
 20730 | Lair:6   | Found a hole to the Spider Nest.
 21749 | Lair:7   | Reached skill level 11 in Conjurations
 22453 | Lair:8   | Entered Level 8 of the Lair of Beasts
 22688 | Lair:8   | Reached skill level 10 in Spellcasting
 22953 | Lair:8   | Noticed a five-headed hydra
 22963 | Lair:8   | Killed a five-headed hydra
 22963 | Lair:8   | Gained mutation: You have a pair of antennae on your head. [demonic ancestry]
 22963 | Lair:8   | Reached XP level 13. HP: 50/95 MP: 10/31
 23583 | Lair:8   | Reached skill level 12 in Conjurations
 24106 | Lair:8   | Identified the +4 shield of the Pit {Dex+4 Dam-3} (You found it on level 5 of the Lair of Beasts)
 24939 | D:10     | Offered knowledge of Spellforged Servitor by Vehumet.
 25067 | D:10     | Noticed a hill giant
 25110 | D:10     | Killed a hill giant
 25339 | D:10     | Noticed a hill giant
 25348 | D:10     | Killed a hill giant
 25598 | D:10     | Found a blossoming altar of Fedhas.
 25957 | D:11     | Noticed mehrheit's ghost (powerful DrGl)
 25989 | D:11     | HP: 2/95 [mehrheit's ghost/blast of negative energy (15)]
 27013 | D:11     | Reached skill level 13 in Conjurations
 27129 | D:11     | Killed mehrheit's ghost
 27528 | D:11     | Reached skill level 10 in Fire Magic
 27528 | D:11     | Gained mutation: You have a pair of large antennae on your head (SInv). [demonic ancestry]
 27528 | D:11     | Reached XP level 14. HP: 101/103 MP: 33/33
 28177 | D:12     | Offered knowledge of Fireball by Vehumet.
 28490 | D:12     | Found a staircase to the Orcish Mines.
 29175 | D:12     | Learned a level 5 spell: Fireball
 29211 | D:12     | Found a snail-covered altar of Cheibriados.
 29763 | Orc:1    | Entered Level 1 of the Orcish Mines
 30101 | Orc:2    | Found Olane's Jewellery Shoppe.
 30111 | Orc:2    | Offered knowledge of Venom Bolt by Vehumet.
 30289 | Orc:3    | Gained mutation: When low on magic, you restore magic in place of health. [demonic ancestry]
 30289 | Orc:3    | Reached XP level 15. HP: 108/108 MP: 28/34
 30324 | Orc:3    | Found a staircase to the Elven Halls.
 30497 | Orc:3    | Reached skill level 1 in Staves
 30685 | Orc:3    | Found a dark tunnel.
 30751 | Volcano  | Entered a volcano
 30849 | Orc:4    | Entered Level 4 of the Orcish Mines
 31117 | Orc:4    | Found Thrigocump's Antique Armour Shoppe.
 31173 | Orc:4    | Hit by a large rock thrown by a cyclops

Action                   |  1- 3 |  4- 6 |  7- 9 | 10-12 | 13-15 || total
-------------------------+-------+-------+-------+-------+-------++-------
Melee: Spear             |    14 |    15 |       |       |       ||    29
       Trident           |       |    51 |    10 |       |       ||    61
       Quarterstaff      |       |       |   163 |   209 |   238 ||   610
Throw: Stone             |     8 |    19 |    19 |       |       ||    46
 Cast: Magic Dart        |    67 |   139 |   345 |   350 |   214 ||  1115
       Call Imp          |     8 |    44 |    77 |    64 |    20 ||   213
       Blink             |     1 |     3 |     2 |    27 |     9 ||    42
       Repel Missiles    |       |     1 |       |       |       ||     1
       Mephitic Cloud    |       |     5 |    35 |    55 |    27 ||   122
       Conjure Flame     |       |       |     2 |       |       ||     2
       Flame Tongue      |       |       |    20 |   385 |   310 ||   715
       Sticky Flame      |       |       |       |    58 |   120 ||   178
       Inner Flame       |       |       |       |     5 |    26 ||    31
       Ignite Poison     |       |       |       |     2 |     5 ||     7
       Fireball          |       |       |       |       |    33 ||    33
       Delayed Fireball  |       |       |       |       |     1 ||     1
Evoke: Wand              |       |       |     5 |     7 |     1 ||    13
  Use: Scroll            |       |     2 |    16 |    16 |    13 ||    47
       Potion            |       |       |       |     4 |     3 ||     7
 Stab: Distracted        |       |       |     1 |     2 |     1 ||     4
       Confused          |       |       |     1 |     1 |     1 ||     3
       Sleeping          |       |       |       |       |     1 ||     1
